 Dungeon Crawl Stone Soup version 0.23-a0-143-g1adec7b (webtiles) character file.

240 galech the Chopper (level 5, 0/42 HPs)
             Began as a Demonspawn Monk on Sept 3, 2018.
             Slain by an orc priest
             ... wielding a +0 war axe
              (6 damage)
             ... on level 4 of the Dungeon.
             The game lasted 00:03:33 (2502 turns).

galech the Chopper (Demonspawn Monk)                Turns: 2502, Time: 00:03:34

Health: 0/42       AC:  7    Str: 11    XL:     5   Next: 80%
Magic:  5/5        EV: 12    Int: 12    God:
Gold:   193        SH:  0    Dex: 16    Spells: 4/4 levels left

rFire    . . .     SeeInvis .   a - +0 hand axe
rCold    . . .     Gourm    .   (no shield)
rNeg     . . .     Faith    .   q - +0 ring mail
rPois    .         Spirit   .   r - +0 helmet
rElec    .         Reflect  .   (no cloak)
rCorr    .         Harm     .   (no gloves)
MR       .....                  v - +0 pair of boots (curse)
Stlth    ++........             h - amulet of regeneration
HPRegen  0.54/turn              (no ring)
MPRegen  0.09/turn              (no ring)

@: no status effects
A: powered by death 1, powered by pain 1
a: no special abilities


You were on level 4 of the Dungeon.
You were hungry.

You visited 1 branch of the dungeon, and saw 4 of its levels.

You collected 193 gold pieces.

Inventory:

Hand Weapons
 a - a +0 hand axe (weapon)
Armour
 q - a +0 ring mail (worn)
 r - a +0 helmet (worn)
 v - a cursed +0 pair of boots (worn)
Jewellery
 h - an amulet of regeneration (around neck)
 k - an uncursed amulet of guardian spirit {unknown}
Wands
 s - a wand of random effects (13)
 w - a wand of polymorph (16)
Scrolls
 d - 4 scrolls of remove curse {unknown}
 i - 3 scrolls of teleportation {unknown}
 j - a scroll of amnesia {unknown}
 m - 3 scrolls of identify {unknown}
 t - a scroll of magic mapping {unknown}
Potions
 b - a potion of resistance {unknown}
 e - a potion of cancellation {unknown}
 g - 2 potions of curing
 l - 2 potions of lignification
 n - a potion of degeneration {unknown}
 o - a potion of flight {unknown}
 p - 2 potions of berserk rage {unknown}
 u - 2 potions of might {unknown}
Comestibles
 c - 9 rations
 f - 2 chunks of flesh


   Skills:
 + Level 3.8 Fighting
 + Level 4.3 Axes
 + Level 1.1 Armour
 + Level 3.4 Dodging
 + Level 2.8 Stealth


You had 4 spell levels left.
You didn't know any spells.
Your spell library was empty.

Dungeon Overview and Level Annotations

Branches:
Dungeon (4/15)
 Temple: D:4-7

Altars:
Nemelex Xobeh
Wu Jian


Innate Abilities, Weirdness & Mutations

You regenerate a little health from kills.
You sometimes gain a little power by taking damage.


Message History

The orc priest is moderately wounded.
The orc priest hits you with a war axe.
* * * LOW HITPOINT WARNING * * *
You hit the orc priest.
The orc priest is moderately wounded.
The orc priest hits you but does no damage.
You hit the orc priest but do no damage.
The orc priest is moderately wounded.
The orc priest invokes the aid of Beogh against you.
Pain shoots through your body!
* * * LOW HITPOINT WARNING * * *
You hit the orc priest but do no damage.
The orc priest is moderately wounded.
The orc priest closely misses you.
You barely miss the orc priest.
The orc priest is moderately wounded.
You hit the orc priest.
The orc priest is heavily wounded.
The orc priest hits you with a war axe.
You die...

# # #.# #.# #.######.#.####
......
##########...<......#.######8
#...............#.....#
#.###...###....###....#


You could see an orc priest.

Vanquished Creatures
  A scorpion (D:4)
  An iguana (D:3)
  9 adders
  2 worms (D:3)
  2 dart slugs (D:1)
  2 leopard geckos
  7 orcs
  A ball python (D:3)
  5 giant cockroaches
  5 goblins
  6 hobgoblins
  3 jackals (D:2)
  8 kobolds
  A quokka (D:2)
  5 bats
  4 frilled lizards
  6 rats
68 creatures vanquished.

Notes
Turn   | Place    | Note
-------+----------+-------------------------------------------
     0 | D:1      | galech the Demonspawn Monk began the quest for the Orb.
     0 | D:1      | Reached XP level 1. HP: 18/18 MP: 1/1
    89 | D:1      | Reached skill level 3 in Axes
   200 | D:1      | Gained mutation: You sometimes gain a little power by
                  | taking damage. [demonic ancestry]
   200 | D:1      | Reached XP level 2. HP: 17/24 MP: 2/2
   691 | D:2      | Reached XP level 3. HP: 29/29 MP: 3/3
   997 | D:2      | Gained mutation: You regenerate a little health from kills.
                  | [demonic ancestry]
   997 | D:2      | Reached XP level 4. HP: 31/35 MP: 4/4
  1524 | D:3      | Found an ornate altar of the Wu Jian Council.
  1759 | D:3      | Reached skill level 4 in Axes
  1759 | D:3      | Reached XP level 5. HP: 23/41 MP: 5/5
  2395 | D:4      | Reached skill level 1 in Armour
  2446 | D:4      | Found a sparkling altar of Nemelex Xobeh.
  2502 | D:4      | Slain by an orc priest

Vault maps used:
D:1:      tarquinn_simple_flora_water_e
D:2:      minmay_tree_intersection
D:3:      kb_forest_paths, lemuel_doored_altar
D:4:      lemuel_temple_firewalk_b, first_ration, nemelex_diamond_rough_becter

Skill      XL: |  1  2  3  4  5 |
---------------+----------------+-----
Axes           | 3 4 |  4.3
Dodging        | 3 |  3.4
Stealth        | 2 |  2.8
Armour         | 1 |  1.1
Fighting       | |  3.8

Action                   |  1- 3 |  4- 6 || total
-------------------------+-------+-------++-------
Melee: Hand axe          |   109 |   202 ||   311
  Use: Potion            |       |     2 ||     2
 Stab: Sleeping          |     5 |     4 ||     9
  Eat: Chunk             |       |     5 ||     5
Armor: Robe              |    18 |     6 ||    24
       Ring mail         |       |    37 ||    37
       Skin              |       |    12 ||    12
Dodge: Dodged            |    91 |    98 ||   189

Table legend:
 A = Non-vault XP
 B = Vault XP
 C = Vault XP percentage of total XP
 D = Non-vault monster count
 E = Vault monster count
 F = Vault count percentage of total count
                 A         B        C        D         E       F
            +---------+---------+-------+---------+---------+-------
      Total |     332 |      12 |   3.5 |      62 |       6 |   8.8
            +---------+---------+-------+---------+---------+-------
        D:1 |      34 |       0 |   0.0 |      17 |       0 |   0.0
        D:2 |      98 |       0 |   0.0 |      24 |       0 |   0.0
        D:3 |     108 |      12 |  10.0 |      16 |       6 |  27.3
        D:4 |      92 |       0 |   0.0 |       5 |       0 |   0.0
            +---------+---------+-------+---------+---------+-------
